Yev-Ruu, chaotic female vampiric Convict ----- ----- |...| ##....| #....-## |...| #|...| ##-...| #%.%.-# [ ---.- #-----# ########################### ## ## # #---------------- # ## # #|............0.-### ### ## ## #|.......[.)....| # # ## #------ ##......+........* ### # ## #......#########----------------# # ###### ## |....| ### # ### ---.-.-- ------------# |.f@.| # # # |......| |..........|# |.h..-###### * ##.......| |..........|# .>...| * |.....{| |...........# ------ **#.......| |..........|# |......| |..........-# |<.....| ------------ -------- Yev-Ruu the Jail-bird Experience level: 9 Strength: 16 Dexterity: 12 Constitution: 20 Intelligence: 13 Wisdom: 8 Charisma: 8 Health: 0(90) Energy: 48(48) AC: 10 Gold: 0 Moves: 5498 Your Inventory: Armor b - an uncursed +0 striped shirt E - an uncursed rotted +0 pair of walking shoes [low] Scrolls y - a cursed scroll called ID [of identify] M - a [blessed] scroll called ID [of identify] T - 2 [uncursed] unlabeled scrolls [of blank paper] U - a [cursed] unlabeled scroll [of blank paper] V - a [blessed] unlabeled scroll [of blank paper] X - a [blessed] scroll called remove curse [of remove curse] Potions d - an uncursed greasy potion [of object detection] Y - an [uncursed] brown potion [of acid] Wands Q - an [uncursed] wand of digging [0:3] Tools e - an uncursed looking glass [mirror] Gems G - an uncursed orange gem [worthless glass] H - an [uncursed] yellow gem [worthless glass] Spells known in the end: Name Level Category Fail Memory a - restore ability 4 healing 100% [|||||||.] Your skills at the end: Fighting Skills shield [Basic / Basic] Weapon Skills flail [Basic / Expert] sling [Basic / Skilled] Spellcasting Skills Final Attributes: You were piously aligned. Hunger level was -90. Your alignment was 36 / 37. Monster difficulty range was 1 - 7. Level difficulty was 6. You were immune to poison. You were immune to level-drain. You were immune to sickness. You could fly. You could survive without air. You regenerated. Your luck was zero. You are dead. Vanquished creatures: 9 black puddings a human mummy a leather golem 2 watchmen an incubus a chameleon a crocodile a giant beetle 2 wolves a panther a leprechaun a black light a brown pudding a gold golem a Green-elf a dingo a dwarf lord 3 human zombies a rope golem a Woodland-elf a soldier ant a quasit a water nymph a Mordor orc 2 Uruk-hai 6 rock moles 3 yellow lights 4 gnome lords 8 elf zombies a straw golem a paper golem 6 giant ants 2 little dogs 2 floating eyes 2 kittens 4 dwarves a kobold shaman 8 rothes a centipede a dwarf zombie 2 iguanas 4 coyotes 2 gas spores 3 hobbits a hobgoblin a giant rat a yellow mold 25 gnomes 2 garter snakes a gnome zombie 2 geckos 2 jackals 2 foxes 2 goblins 3 sewer rats 4 grid bugs 4 lichens a kobold zombie 5 newts 155 creatures vanquished. Voluntary challenges: You went without food. You never hit with a wielded weapon. You read items or engraved 4 times. You put on armor 16 times. You never genocided any monsters. You never polymorphed an object. You never changed form. You used no wishes. You abstained from Elbereth's help. You never encountered a bones level. You never used any Sokoban shortcuts. Dungeon overview: The Dungeons of Doom: levels 1 to 7 Level 1 some fountains a long staircase Level 2 a general store, an altar, a fountain stairs to The Gnomish Mines Level 4 some fountains Level 5 an altar, a sink Level 6 <- You were here a fountain Level 7 many fountains The Gnomish Mines: levels 3 to 5 Level 3 stairs to The Dungeons of Doom Level 5 a fountain History has recorded: On T:1 you entered the Dungeons of Doom to retrieve the Amulet of Yendor! On T:319 you advanced to experience level 2. On T:360 you reached level 2 of The Dungeons of Doom. On T:736 you advanced to experience level 3. On T:937 you reached level 1 of The Gnomish Mines. On T:950 you advanced to experience level 4. On T:971 you advanced to experience level 5. On T:1347 you advanced to experience level 6. On T:1480 you reached level 2 of The Gnomish Mines. On T:1795 you advanced to experience level 7. On T:1901 you reached level 3 of The Gnomish Mines. On T:2112 you reached level 3 of The Dungeons of Doom. On T:2494 you reached level 4 of The Dungeons of Doom. On T:2932 you reached level 5 of The Dungeons of Doom. On T:3283 you advanced to experience level 8. On T:3454 you advanced to experience level 9. On T:3683 you reached level 6 of The Dungeons of Doom. On T:4027 you reached level 7 of The Dungeons of Doom. Latest messages: The lynx hits! (2x) The lynx bites! [HP-11=58] The lynx hits! (2x) The lynx bites! [HP-10=48] The dwarf swings her pick-axe. The dwarf hits! The lynx hits! (2x) The lynx bites! [HP-18=30] The lynx hits! (2x) The lynx bites! The lynx hits! (2x) The lynx bites! [HP-15=15] The dwarf swings her pick-axe. The dwarf hits! The lynx hits! (2x) The lynx bites! [HP-11=4] The lynx hits! (2x) You die... Final status: Goodbye Yev-Ruu the Convict... You died in The Dungeons of Doom on dungeon level 6 with 10094 points, and 0 pieces of gold, after 5498 moves. You were level 9 with a maximum of 90 hit points when you died.